 Dungeon Crawl Stone Soup version 0.29.0-4-gdea44cf6ec (webtiles) character file.

Game seed: 2186316206347997526

21 qw the Vexing (level 2, 0/27 HPs)
             Began as an Ogre Enchanter on Sept 4, 2022.
             Slain by a rat (2 damage)
             ... on level 1 of the Dungeon.
             The game lasted 00:00:33 (730 turns).

qw the Vexing (Ogre Enchanter)                       Turns: 730, Time: 00:00:33

Health: 0/27       AC:  3    Str: 11    XL:     2   Next: 87%
Magic:  5/5        EV:  9    Int: 16    God:
Gold:   24         SH:  0    Dex:  9    Spells: 5/5 levels left

rFire   . . .      SeeInvis .   j - +0 whip
rCold   . . .      Faith    .   (no shield)
rNeg    . . .      Spirit   .   b - +0 robe
rPois   .          Reflect  .   (helmet restricted)
rElec   .          Harm     .   (no cloak)
rCorr   .          Rampage  .   (gloves unavailable)
Will    .....                   (boots unavailable)
Stlth   ++........              (no amulet)
HPRegen 0.09/turn               (no ring)
MPRegen 0.09/turn               (no ring)

@: no status effects
A: large, unfitting armour, tough skin 1
a: no special abilities


You were on level 1 of the Dungeon.
You visited 1 branch of the dungeon, and saw 1 of its levels.

You collected 24 gold pieces.


Innate Abilities, Weirdness & Mutations

You are too large for most types of armour.
You have tough skin. (AC +1)


   Skills:
 + Level 1.4 Fighting
 - Level 0.8 Short Blades
 - Level 2.0 Axes
 - Level 1.7 Dodging
 - Level 2.1 Stealth
 - Level 2.4 Spellcasting
 - Level 2.6 Hexes


You had 5 spell levels left.
You didn't know any spells.
Your spell library contained the following spells:

 Spells                   Type           Power      Damage    Failure   Level
 Ensorcelled Hibernation  Hex/Ice        12%        N/A       17%         2
 Confusing Touch          Hex            10%        N/A       21%         3
 Tukima's Dance           Hex            10%        N/A       21%         3
 Dazzling Flash           Conj/Hex       12%        N/A       34%         3

Inventory:

Hand Weapons
 j - a +0 whip (weapon)
Armour
 b - a +0 robe (worn)
Scrolls
 f - a scroll of teleportation {unknown}
Potions
 c - 2 potions of invisibility
 d - a potion of haste {unknown}
 e - a potion of curing {unknown}
 g - a potion of attraction {unknown}
 h - a potion of cancellation {unknown}
 i - 2 potions of resistance {unknown}

Dungeon Overview and Level Annotations

Branches:
Dungeon (1/15)

Altars:


Message History

You hit the jackal but do no damage.
The jackal is lightly wounded.
The jackal completely misses you.
A rat comes into view.
The jackal bites you.
You hit the jackal but do no damage. The jackal barely misses you.
You hit the jackal but do no damage. The jackal bites you.
The jackal barely misses you.
You hit the jackal.
The jackal is moderately wounded.
The jackal closely misses you. The jackal bites you.
You hit the jackal.
The jackal is severely wounded.
The jackal barely misses you.
You hit the jackal.
You kill the jackal!
A bat comes into view.
The bat closely misses you.
You hit the bat.
The bat is severely wounded.
The bat hits you but does no damage. The rat bites you. x2
The bat barely misses you.
You barely miss the bat.
The bat is severely wounded.
The bat hits you but does no damage. The rat bites you but does no damage.
You closely miss the rat. The bat hits you. The rat bites you.
You barely miss the rat. The bat barely misses you. The rat bites you.
You hit the rat but do no damage.
The bat barely misses you. x2; The rat bites you but does no damage.
You hit the bat.
You kill the bat!
The rat closely misses you.
You closely miss the rat. The rat closely misses you.
You closely miss the rat. The rat bites you.
You die...

.### ....#####
.......$###
.......... .........
......#.## ##
......)%r# #..
....##.#@## #. #.. .
#..#..## ####.##..
#h#.#)#.# ........
#.#.#.#.## ....... .
#.#.##.# ####.....
##
#.#.##.##.........##
. +.+.'.....#
####... #.
#.#.##.#### #..[...
. #.#.##.# #.####.


You could see a rat.

Vanquished Creatures
  2 bats (D:1)
  An endoplasm (D:1)
  2 giant cockroaches (D:1)
  A goblin (D:1)
  2 hobgoblins (D:1)
  4 jackals (D:1)
  2 ball pythons (D:1)
  2 frilled lizards (D:1)
  2 kobolds (D:1)
18 creatures vanquished.

Vanquished Creatures (others)
  20 plants (D:1)
20 creatures vanquished.

Grand Total: 38 creatures vanquished

Notes
Turn   | Place    | Note
-------+----------+-------------------------------------------
     0 | D:1      | qw the Ogre Enchanter began the quest for the Orb.
     0 | D:1      | Reached XP level 1. HP: 16/16 MP: 3/3
     0 | D:1      | 0 ||| qw: Version: 0.1-a-103-gd6f5d3a
     0 | D:1      | 0 ||| qw: Game counter: 5531
     0 | D:1      | 0 ||| qw: Always use a shield: true
     0 | D:1      | 0 ||| qw: God list: Okawaru
     0 | D:1      | 0 ||| qw: Allow faded altars: false
     0 | D:1      | 0 ||| qw: Do Orc after D:15 true
     0 | D:1      | 0 ||| qw: Do second Lair branch before Depths: true
     0 | D:1      | 0 ||| qw: Lair rune preference: random
     0 | D:1      | 0 ||| qw: Plans: Normal
     0 | D:1      | 0 ||| PLANNING D:1-11
   274 | D:1      | Reached skill level 1 in Axes
   411 | D:1      | Reached skill level 1 in Fighting
   419 | D:1      | Reached XP level 2. HP: 27/27 MP: 5/5
   583 | D:1      | 583 ||| Stepping ~*~*~tactically~*~*~ (stealth).
   585 | D:1      | 585 ||| Stepping ~*~*~tactically~*~*~ (stealth).
   586 | D:1      | 586 ||| Stepping ~*~*~tactically~*~*~ (stealth).
   663 | D:1      | 663 ||| Stepping ~*~*~tactically~*~*~ (stealth).
   665 | D:1      | 665 ||| Stepping ~*~*~tactically~*~*~ (stealth).
   669 | D:1      | 669 ||| SWAPPING to +0 whip.
   670 | D:1      | 670 ||| DROPPING +1 dagger.
   673 | D:1      | 673 ||| Stepping ~*~*~tactically~*~*~ (stealth).
   694 | D:1      | 694 ||| Stepping ~*~*~tactically~*~*~ (stealth).
   695 | D:1      | 695 ||| Stepping ~*~*~tactically~*~*~ (stealth).
   723 | D:1      | HP: 6/27 [rat (1)]
   725 | D:1      | HP: 2/27 [rat (2)]
   730 | D:1      | Slain by a rat

Levels and vault maps discovered:
D:1:      roderic_crop_circles_arrival_large, layout_rooms,
          hellmonk_ecumenical_altar_inner_sanctum, interstate_on_off,
          hangedman_decor_push, minmay_cupped

Skill      XL: |  1  2 |
---------------+-------+-----
Axes           | 1 2 |  2.0
Fighting       | 1 |  1.4
Short Blades   | |  0.8
Dodging        | |  1.7
Stealth        | |  2.1
Spellcasting   | |  2.4
Hexes          | |  2.6

Action                   || total
-------------------------++-------
Melee: Dagger            ||    71
       Whip              ||    46
       Punch             ||     1
 Stab: Sleeping          ||     1
       Distracted        ||     1
Armor: Robe              ||    34
Dodge: Dodged            ||    68

Table legend:
 A = Non-vault XP
 B = Vault XP
 C = Vault XP percentage of total XP
 D = Non-vault monster count
 E = Vault monster count
 F = Vault count percentage of total count
                 A         B        C        D         E       F
            +---------+---------+-------+---------+---------+-------
      Total |      27 |       4 |  12.9 |      16 |       2 |  11.1
            +---------+---------+-------+---------+---------+-------
        D:1 |      27 |       4 |  12.9 |      16 |       2 |  11.1
            +---------+---------+-------+---------+---------+-------
